 Dungeon Crawl Stone Soup version 0.29-a0-330-g52719c12eb (webtiles) character file.

Game seed: 9992030901154571688

20412 truemonolith the Martial Artist (level 12, -15/115 HPs)
             Began as a Grey Draconian Monk on May 22, 2022.
             Was the Champion of Cheibriados.
             Demolished by a two-headed ogre
             ... wielding a +0 giant spiked club
              (17 damage)
             ... on level 2 of the Orcish Mines.
             The game lasted 00:34:11 (16914 turns).

truemonolith the Martial Artist (DrMo)             Turns: 16914, Time: 00:34:12

Health: -15/115    AC: 18    Str: 28    XL:     12   Next: 45%
Magic:  0/19       EV: 14    Int: 39    God:    Cheibriados [******]
Gold:   1138       SH: 10    Dex: 37    Spells: 19/20 levels left

rFire   . . .      SeeInvis +     - Unarmed
rCold   . . .      Faith    .   f - +1 buckler of Gozag's Benevolence {Int+7}
rNeg    . . .      Spirit   +   (body armour unavailable)
rPois   .          Reflect  .   (helmet restricted)
rElec   .          Harm     .   F - +1 cloak
rCorr   .          Rampage  .   j - +2 pair of gloves {Dex+3}
Will    .....      Rage     1%  (no boots)
Stlth   +++.......              g - amulet of guardian spirit
HPRegen 0.29/turn               b - +6 ring of intelligence
MPRegen 0.16/turn               (no ring)

@: marked, very slow
A: AC +13, amphibious, unfitting armour, cold-blooded, claws 1, see invisible,
berserk 1, sense surroundings 1
a: Renounce Religion, Bend Time, Temporal Distortion, Slouch, Step From Time


You were on level 2 of the Orcish Mines.
You worshipped Cheibriados.
Cheibriados was exalted by your worship.
You visited 4 branches of the dungeon, and saw 17 of its levels.

You collected 1138 gold pieces.

Inventory:

Hand Weapons
 x - the +2 war axe of Linearity {freeze, *Slow rPois rC+++ Int-4}
   (You found it on level 6 of the Dungeon)

   It freezes those it strikes, dealing additional cold damage.
   It can also slow down cold-blooded creatures.
   Int:       It affects your intelligence (-4).
   rC:        It renders you almost immune to cold.
   rPois:     It protects you from poison.
   *Slow:     It may slow you when you take damage.
 C - the +3 dagger "Demonslayer" {vorpal, +Blink}
   (You found it on level 8 of the Dungeon)

   It inflicts extra damage upon your enemies.
   +Blink:    It lets you blink.
Missiles
 y - a throwing net (quivered)
Armour
 f - the +1 buckler of Gozag's Benevolence (worn) {Int+7}
   (You took it off an orc wizard on level 9 of the Dungeon)

   Int:       It affects your intelligence (+7).
 j - a +2 pair of gloves of dexterity (worn)
 F - a +1 cloak (worn)
Jewellery
 b - a +6 ring of intelligence (left hand)
 g - an amulet of guardian spirit (around neck)
 s - an amulet of the acrobat
 u - a ring of protection from cold
Wands
 o - a wand of flame (19)
 q - a wand of iceblast (30)
 A - a wand of acid (10)
 B - a wand of mindburst (8)
Scrolls
 a - 2 scrolls of fog {unknown}
 d - 26 scrolls of identify
 e - 3 scrolls of teleportation
 i - 2 scrolls of silence {unknown}
 k - 2 scrolls of torment {unknown}
 m - 3 scrolls of noise {unknown}
 r - a scroll of magic mapping {unknown}
 t - 2 scrolls of brand weapon {unknown}
 w - 2 scrolls of fear
 D - a scroll of immolation
 E - a scroll of summoning {unknown}
Potions
 c - 2 potions of cancellation
 h - 3 potions of brilliance
 l - a potion of lignification {unknown}
 n - 2 potions of curing
 p - 3 potions of attraction
 v - 2 potions of degeneration {unknown}
 z - a potion of might
Miscellaneous
 G - a condenser vane


   Skills:
 - Level 13.4 Fighting
 - Level 2.6 Dodging
 - Level 1.7 Stealth
 - Level 8.0 Shields
 + Level 14.0 Unarmed Combat
 - Level 4.9 Spellcasting
 - Level 3.3 Conjurations


You had 19 spell levels left.
You knew the following spells:

 Your Spells              Type           Power      Damage    Failure   Level
a - Shock                 Conj/Air       88%        1d8       1%          1

Your spell library contained the following spells:

 Spells                   Type           Power      Damage    Failure   Level
 Magic Dart               Conj           100%       1d8       1%          1
 Searing Ray              Conj           70%        2d7       1%          2
 Summon Small Mammal      Summ           36%        N/A       4%          1
 Dazzling Flash           Conj/Hex       44%        N/A       6%          3
 Call Canine Familiar     Summ           9%         N/A       12%         3
 Summon Guardian Golem    Hex/Summ       9%         N/A       12%         3
 Swiftness                Air            9%         N/A       12%         3
 Fulminant Prism          Conj/Hex       11%        3d9       21%         4
 Iskenderun's Mystic Bla  Conj/Tloc      22%        2d6       21%         4
 Airstrike                Air            4%         N/A       36%         4
 Summon Ice Beast         Ice/Summ       9%         N/A       36%         4
 Agony                    Necr           9%         N/A       73%         5
 Lee's Rapid Deconstruct  Erth           4%         3d6*      73%         5
 Silence                  Hex/Air        4%         N/A       73%         5
 Summon Mana Viper        Hex/Summ       9%         N/A       73%         5
 Monstrous Menagerie      Summ           4%         N/A       100%        7


Dungeon Overview and Level Annotations

Branches:
Dungeon (13/15)            Temple (1/1) D:5            Lair (1/6) D:8
    Orc (2/2) D:11            Elf (0/3) Orc:2
 Vaults: D:13-14

Altars:
Ashenzari
Cheibriados
Dithmenos
Elyvilon
Fedhas
Gozag
Hepliaklqana
Kikubaaqudgha
Makhleb
Nemelex Xobeh
Okawaru
Qazlal
Ru
Sif Muna
Trog
Uskayaw
Vehumet
Wu Jian
Xom
Yredelemnul
Zin
The Shining One
Beogh

Shops:
D:8 ?   D:9 *

Portals:
Abyss: D:11

Annotations:
D:6 2 transporters, Crownlay's ghost, novice TrFi
D:10 1 runed translucent door, p0werm0de's ghost, journeyman PaFi
D:11 2 transporters, Vorhees's ghost, journeyman GnWn


Innate Abilities, Weirdness & Mutations

Your dull iron-grey scales are very hard. (AC +13)
You are amphibious.
You cannot fit into any form of body armour.
You are cold-blooded and may be slowed by cold attacks.
You have sharp fingernails.
You have supernaturally acute eyesight. (SInv)
You tend to lose your temper in combat.
You passively map a small area around you.


Message History

The orc no longer looks unusually strong.
You block the orc's attack.
Blink to where?
Press: ? - help, Dir - move target A two-headed ogre, a troll and a warg come into view.
As you read the scroll of blinking, it crumbles to dust.
The ogre closely misses you.
As you read the scroll of fear, it crumbles to dust.
You assume a fearsome visage.
The ettin looks frightened!
The orc warrior looks frightened!
The ettin looks frightened!
The orc looks frightened!
The two-headed ogre looks frightened!
The troll looks frightened!
The orc looks frightened!
The ogre looks frightened!
The orc looks frightened!
The ogre looks frightened!
The warg looks frightened!
The orc no longer looks unusually strong. x2
The orc warrior no longer looks unusually strong.
A two-headed ogre comes into view.
It is wielding a +0 great mace and a +0 giant club.
A two-headed ogre comes into view. It is wielding two +0 giant clubs.
An ogre mage comes into view. It is wielding a +0 spear.
A two-headed ogre comes into view.
It is wielding a +0 giant spiked club and a +0 giant club.
The ogre mage casts a spell at something.
A two-headed ogre comes into view. It is wielding two +0 giant clubs.
A two-headed ogre comes into view.
It is wielding a +0 giant club and a +0 giant spiked club.
The ogre mage mumbles some strange words.
The ogre mage flickers and vanishes for a moment.
The two-headed ogre hits you with a +0 great mace!
* * * LOW HITPOINT WARNING * * *
The two-headed ogre hits you but does no damage.
The two-headed ogre attacks as you move away!
The two-headed ogre closely misses you.
The two-headed ogre hits you but does no damage. x2
The two-headed ogre closely misses you.
The two-headed ogre completely misses you.
The two-headed ogre hits you but does no damage.
An ogre comes into view. It is wielding a +0 giant club.
A two-headed ogre comes into view.
It is wielding a +0 giant club and a +0 giant spiked club.
An ogre comes into view. It is wielding a +0 giant club.
You block the two-headed ogre's attack.
The two-headed ogre hits you with a +0 giant club!!
You die...

....................#,
..C.................# ,
...#....................#
...#.....O........# ,.#.##
.......#......#..#.. ....#
#...............###, ...##
#........O.O....O.## ....#
^...##.......O#OO..##...#*
...#.....O...O.O@.......#
#...............#......##
##......#...............#
##.##..................##
, #.#....................#
...#..$................#
.......................##
.......................##
,....., <.#.....).......#


You could see 7 two-headed ogres, an ogre mage (invisible) and 2 ogres.

Vanquished Creatures
  2 hydras
  2 boulder beetles (D:13)
  3 centaur warriors (D:13)
  2 two-headed ogres (D:9)
  Pikel (D:6)
  An ugly thing (D:13)
  2 cyclopes
  Joseph (D:8)
  A gargoyle (D:9)
  6 trolls
  Prince Ribbit (D:8)
  Sigmund (D:6)
  A centaur simulacrum (D:10)
  4 wraiths
  11 yaks
  3 wyverns
  A steam dragon (D:8)
  Menkaure (D:5)
  A warg (D:11)
  A water moccasin (D:6)
  An acid dragon (D:10)
  12 orc warriors
  An ice beast (D:5)
  A sky beast (D:6)
  2 black bears
  10 ogres
  8 centaurs
  A phantom (D:4)
  9 kobold brigands
  3 bullfrogs
  2 necrophages
  Blork the orc (D:4)
  2 scorpions
  4 gnoll sergeants
  13 wights
  23 killer bees
  4 howler monkeys
  5 hounds
  3 jellies
  13 orc priests
  A gnoll shaman (D:7)
  2 iguanas
  22 orc wizards
  9 adders
  13 gnolls
  A shadow imp (D:7)
  3 white imps
  6 ufetubi
  A worm (D:8)
  3 dart slugs
  47 orcs
  4 endoplasms
  2 giant cockroaches
  11 goblins
  A hobgoblin (D:3)
  3 quokkas
  2 ball pythons
  6 bats
  4 frilled lizards
  16 kobolds
  3 rats
324 creatures vanquished.

Vanquished Creatures (others)
  6 fungi
  11 plants
17 creatures vanquished.

Grand Total: 341 creatures vanquished

Notes
Turn   | Place    | Note
-------+----------+-------------------------------------------
     0 | D:1      | truemonolith the Draconian Monk began the quest for the
                  | Orb.
     0 | D:1      | Reached XP level 1. HP: 19/19 MP: 1/1
   733 | D:1      | Reached XP level 2. HP: 26/26 MP: 2/2
  1149 | D:2      | Reached skill level 4 in Unarmed Combat
  1305 | D:2      | Gained mutation: You are occasionally teleported next to
                  | monsters. [potion of mutation]
  1305 | D:2      | Gained mutation: Your muscles are strong. (Str +2) [potion
                  | of mutation]
  1318 | D:2      | Reached XP level 3. HP: 16/31 MP: 3/3
  1321 | D:2      | HP: 1/31 [gnoll/+0 spear (1)]
  2226 | D:2      | Reached skill level 5 in Unarmed Combat
  2226 | D:2      | Reached XP level 4. HP: 38/38 MP: 4/4
  2472 | D:2      | Lost mutation: You are occasionally teleported next to
                  | monsters. [potion of mutation]
  2472 | D:2      | Lost mutation: Your muscles are strong. (Str +2) [potion of
                  | mutation]
  2472 | D:2      | Gained mutation: You tend to lose your temper in combat.
                  | [potion of mutation]
  2472 | D:2      | Gained mutation: You have supernaturally acute eyesight.
                  | (SInv) [potion of mutation]
  2472 | D:2      | Gained mutation: You have sharp fingernails. [potion of
                  | mutation]
  2472 | D:2      | Gained mutation: You passively map a small area around you.
                  | [potion of mutation]
  2647 | D:3      | Found an opulent altar of Gozag.
  2702 | D:3      | Found a shimmering blue altar of Sif Muna.
  3266 | D:3      | Reached XP level 5. HP: 45/45 MP: 5/5
  3475 | D:3      | Reached skill level 6 in Unarmed Combat
  3501 | D:4      | Noticed a phantom
  3501 | D:4      | Found a hazy altar of Hepliaklqana.
  3507 | D:4      | Noticed a black bear
  3515 | D:4      | Killed a phantom
  3524 | D:4      | Killed a black bear
  3525 | D:4      | Reached skill level 7 in Unarmed Combat
  3525 | D:4      | Reached XP level 6. HP: 31/51 MP: 6/6
  3789 | D:4      | Noticed Blork the orc
  3800 | D:4      | Killed Blork the orc
  3995 | D:4      | Reached skill level 8 in Unarmed Combat
  4158 | D:4      | Your scales start taking on a dull iron-grey colour.
  4158 | D:4      | Reached XP level 7. HP: 57/57 MP: 7/7
  4565 | D:5      | Entered Level 5 of the Dungeon
  4609 | D:5      | Noticed Menkaure
  4616 | D:5      | Killed Menkaure
  4617 | D:5      | Reached skill level 9 in Unarmed Combat
  4795 | D:5      | Reached XP level 8. HP: 38/63 MP: 8/8
  5104 | D:5      | Reached skill level 10 in Unarmed Combat
  5202 | D:5      | Found a burning altar of Makhleb.
  5206 | D:5      | Learned a level 1 spell: Shock
  5366 | D:5      | Reached skill level 1 in Spellcasting
  5514 | D:5      | Found a radiant altar of Vehumet.
  5593 | D:5      | Found a staircase to the Ecumenical Temple.
  5757 | Temple   | Entered the Ecumenical Temple
  5911 | D:6      | Found a hide-covered altar of Uskayaw.
  5948 | D:6      | Noticed Sigmund
  5973 | D:6      | Killed Sigmund
  5974 | D:6      | Reached skill level 5 in Fighting
  6094 | D:6      | Identified the +2 war axe of Linearity {freeze, *Slow rPois
                  | rC+++ Int-4}
  6190 | D:6      | Noticed Pikel
  6211 | D:6      | Killed Pikel
  6212 | D:6      | Reached XP level 9. HP: 60/82 MP: 6/11
  6345 | D:6      | Found an ornate altar of the Wu Jian Council.
  6410 | D:6      | Identified the +7 spear of the Bruised Beggars {pain,
                  | Will++}
  6410 | D:6      | Identified the +1 ring mail of Xoaskiv {*Slow rF++ rC++}
  6410 | D:6      | Identified the +0 buckler of Eternal Vigilance {rC+++
                  | Slay-3}
  6451 | D:6      | Found a transporter.
  6456 | D:6      | Found a transporter.
  6462 | D:6      | Noticed Crownlay's ghost (novice TrFi)
  6535 | D:6      | Identified the amulet of Coleg {Acrobat Drain rElec Str+7}
  6800 | D:7      | Found an ancient bone altar of Kikubaaqudgha.
  7346 | D:7      | Found a blossoming altar of Fedhas.
  7686 | D:7      | Reached skill level 10 in Fighting
  8173 | D:8      | Identified the +3 dagger "Demonslayer" {vorpal, +Blink}
  8221 | D:8      | Found a snail-covered altar of Cheibriados.
  8247 | D:8      | Became a worshipper of Cheibriados the Contemplative
  8247 | D:8      | Reached * piety under Cheibriados
  8247 | D:8      | Reached ** piety under Cheibriados
  8283 | D:8      | Noticed Prince Ribbit
  8293 | D:8      | Killed Prince Ribbit
  8446 | D:8      | Found Vistaoleti's Magic Scroll Emporium.
  8453 | D:8      | Found a staircase to the Lair.
  8529 | D:8      | Noticed Joseph
  8547 | D:8      | Reached XP level 10. HP: 66/97 MP: 9/12
  8602 | D:8      | Killed Joseph
  8627 | D:8      | Found a shadowy altar of Dithmenos.
  9058 | D:9      | Found a glowing silver altar of Zin.
  9072 | D:9      | Reached *** piety under Cheibriados
  9083 | D:9      | Noticed a two-headed ogre
  9113 | D:8      | HP: 5/101 [wraith (1)]
  9615 | D:9      | Noticed a two-headed ogre
  9628 | D:9      | Killed a two-headed ogre
  9629 | D:9      | Reached skill level 1 in Conjurations
  9700 | D:9      | Identified the +1 buckler of Gozag's Benevolence {Int+7}
  9784 | D:9      | Noticed a gargoyle
  9802 | D:9      | Killed a gargoyle
  9821 | D:9      | Killed a two-headed ogre
 10093 | D:9      | Found Secyseam's Lightly-Used Armoury.
 10099 | D:9      | Reached skill level 1 in Shields
 10143 | D:9      | Reached **** piety under Cheibriados
 10532 | D:9      | Found a sacrificial altar of Ru.
 10603 | D:10     | Entered Level 10 of the Dungeon
 10620 | D:10     | Found a runed translucent door.
 10625 | D:10     | Noticed p0werm0de's ghost (journeyman PaFi)
 10625 | D:10     | Noticed a deep troll
 10747 | D:10     | Reached XP level 11. HP: 88/107 MP: 18/18
 11133 | D:10     | Identified the +3 hand axe of Joboh {vamp, rF+}
 11317 | D:10     | Reached skill level 5 in Shields
 11669 | D:10     | Reached ***** piety under Cheibriados
 11740 | Lair:1   | Entered Level 1 of the Lair of Beasts
 12810 | D:11     | Found a staircase to the Orcish Mines.
 12890 | D:11     | Noticed a seven-headed hydra
 12896 | D:11     | Killed a seven-headed hydra
 12913 | D:11     | Noticed a thrashing horror
 12914 | D:11     | Noticed a hell hog
 12915 | D:11     | Noticed a great orb of eyes
 12917 | D:11     | Noticed Vorhees's ghost (journeyman GnWn)
 12919 | D:11     | Noticed a skeletal warrior
 13213 | D:11     | Found a transporter.
 13214 | D:11     | Found a one-way gate to the infinite horrors of the Abyss.
 13414 | D:11     | Found a transporter.
 13937 | D:11     | You fall into a shaft and drop 2 floors!
 13972 | D:13     | Reached skill level 11 in Unarmed Combat
 14000 | D:13     | Noticed a centaur warrior
 14013 | D:13     | Killed a centaur warrior
 14174 | D:13     | Noticed a boulder beetle
 14191 | D:13     | Killed a boulder beetle
 14291 | D:13     | Noticed a cyan ugly thing
 14298 | D:13     | Killed a cyan ugly thing
 14400 | D:13     | Noticed a centaur warrior
 14408 | D:13     | Killed a centaur warrior
 14409 | D:13     | Reached skill level 12 in Unarmed Combat
 14409 | D:13     | Reached XP level 12. HP: 95/115 MP: 15/19
 14654 | D:13     | Noticed a five-headed hydra
 14665 | D:13     | Killed a five-headed hydra
 14829 | D:13     | Noticed a boulder beetle
 14854 | D:13     | Killed a boulder beetle
 15089 | D:13     | Noticed a centaur warrior
 15105 | D:13     | Killed a centaur warrior
 15106 | D:13     | Reached skill level 13 in Unarmed Combat
 15327 | D:11     | Reached ****** piety under Cheibriados
 15799 | Orc:1    | Entered Level 1 of the Orcish Mines
 16080 | Orc:2    | Entered Level 2 of the Orcish Mines
 16610 | Orc:2    | Found a staircase to the Elven Halls.
 16817 | Orc:2    | Reached skill level 14 in Unarmed Combat
 16857 | Orc:2    | Noticed an ettin
 16887 | Orc:1    | Noticed an ettin
 16887 | Orc:1    | Noticed a two-headed ogre
 16904 | Orc:2    | Noticed a two-headed ogre
 16906 | Orc:2    | Noticed a two-headed ogre
 16907 | Orc:2    | Noticed a two-headed ogre
 16908 | Orc:2    | Noticed an ogre mage
 16908 | Orc:2    | Noticed a two-headed ogre
 16910 | Orc:2    | Noticed a two-headed ogre
 16911 | Orc:2    | Noticed a two-headed ogre
 16913 | Orc:2    | HP: 1/115 [two-headed ogre/+0 great mace (12)]
 16914 | Orc:2    | Noticed a two-headed ogre
 16914 | Orc:2    | Demolished by a two-headed ogre

Illustrated notes

Levels and vault maps discovered:
D:1:      dpeg_arrival_arbitrary_a, layout_basic
D:2:      layout_basic, minmay_pentomino_p2
D:3:      layout_loops_cross, mainiacjoe_overflow_concentric_impassable,
          mainiacjoe_overflow_chevrons, serial_forest,
          infiniplex_forest_lined_2, infiniplex_forest_side_room,
          infiniplex_forest_end_1, infiniplex_forest_clump_long,
          infiniplex_forest_clump_C, portal_sewer_entry_d
D:4:      layout_basic, nicolae_hepliaklqana_hazy_memory, uniq_blork_the_orc
D:5:      layout_basic, lightli_temple_of_fire, kennysheep_little_box,
          minmay_temple_entry_mist, uniq_menkaure
D:6:      layout_rooms, mainiacjoe_overflow_surrounded_room,
          mainiacjoe_overflow_cross_hatched, gammafunk_ghost_gnarly_gnolls,
          chequers_serial_rivers_small_3, chequers_arboretum, uniq_pikel,
          uniq_sigmund
D:7:      layout_layer_cave, amcnicky_altar_gilded,
          mainiacjoe_overflow_small_starburst
D:8:      layout_rooms, nicolae_dithmenos_through_a_glass_darkly,
          cheibrodos_worm_habitat, dpeg_oklobed_lair, serial_shops, shop,
          uniq_joseph, uniq_prince_ribbit1
D:9:      layout_rooms, mainiacjoe_overflow_catwalk,
          nicolae_ru_the_path_less_chosen, minmay_shop_damaged
D:10:     layout_loops_ring, ebering_ghost_inner_flame, enter_bailey_2
D:11:     layout_stronghold, kennysheep_orc_monster_closet_entryway,
          gammafunk_ghost_abyssal_escape
D:12:     layout_cave_pools, nicolae_wooded_promenade
D:13:     layout_loops_ring
Temple:   compressed_dpeg_triangle_lava_temple
Lair:1:   gammafunk_worm_tunnel, layout_cave_shapes, minmay_stone_trees_small,
          serial_bayou_pond_a, lemuel_old_faithful, uniq_fannar, uniq_amaemon,
          uniq_gastronok
Orc:1:    layout_caves, serial_shops, shop, uniq_harold
Orc:2:    st_orc_open, layout_caves, basic_altar

Skill      XL: |  1  2  3  4  5  6  7  8  9 10 11 12 |
---------------+-------------------------------------+-----
Unarmed Combat | 4 5 7 8 9 10 12 14 | 14.0
Spellcasting   | 1 4 |  4.9
Fighting       | 8 11 13 | 13.4
Conjurations   | 3 |  3.3
Shields        | 2 8 |  8.0
Dodging        | |  2.6
Stealth        | |  1.7

Action                   |  1- 3 |  4- 6 |  7- 9 | 10-12 || total
-------------------------+-------+-------+-------+-------++-------
Melee: Unarmed           |    94 |   161 |   298 |   679 ||  1232
       Tailslap          |    11 |    24 |    58 |   143 ||   236
       Punch             |     4 |     6 |    18 |    15 ||    43
       War axe           |       |       |     6 |       ||     6
 Cast: Shock             |       |       |    17 |    27 ||    44
  Use: Potion            |     2 |     1 |     2 |     4 ||     9
       Scroll            |       |       |     3 |     9 ||    12
 Stab: Sleeping          |     1 |     8 |     3 |     2 ||    14
       Distracted        |       |     1 |     1 |     1 ||     3
Armor: Skin              |    26 |    61 |   168 |   311 ||   566
Dodge: Dodged            |    60 |    95 |   271 |   478 ||   904
Block: Buckler           |       |       |       |   309 ||   309

Table legend: (Time is in decaauts)
 A = Elapsed time spent in this place.
 B = Non-inter-level travel time spent in this place.
 C = Inter-level travel time spent in this place.
 D = Time resting spent in this place.
 E = Time spent auto-exploring this place.
 F = Levels seen in this place.
 G = Mean time per level.
                   A        B        C        D        E       F      G
               +--------+--------+--------+--------+--------+-----+--------+
         Total |  19898 |  19346 |    552 |   4458 |  10093 |  17 | 1170.5 |
       Dungeon |  18484 |  17932 |    552 |   3865 |   9941 |  13 | 1421.8 |
        Temple |     98 |     98 |      0 |      0 |      0 |   1 |   98.0 |
          Lair |     59 |     59 |      0 |      0 |      0 |   1 |   59.0 |
  Orcish Mines |   1255 |   1255 |      0 |    593 |    152 |   2 |  627.5 |
               +--------+--------+--------+--------+--------+-----+--------+

Top non-repeatable levels by time:
    D:11: 2700 daAuts
    D:10: 2170 daAuts
     D:8: 2019 daAuts
    D:13: 1892 daAuts
     D:9: 1639 daAuts
     D:1: 1586 daAuts
     D:7: 1351 daAuts
     D:5: 1223 daAuts
     D:4: 1059 daAuts
     D:2: 1042 daAuts
     D:3: 889 daAuts
     D:6: 877 daAuts
   Orc:1: 700 daAuts
   Orc:2: 555 daAuts
  Temple: 98 daAuts
